 Dungeon Crawl Stone Soup version 0.23.1-37-gaa34b87 (webtiles) character file.

Game seed: 3465174202034300627

307468 dhn the Severer (level 20, -2/189 HPs)
             Began as a Minotaur Fighter on Mar 25, 2019.
             Slain by a spatial maelstrom (12 damage)
             ... on level 3 of the Abyss on Mar 26, 2019.
             The game lasted 02:55:20 (75922 turns).

dhn the Severer (Minotaur Fighter)                 Turns: 75922, Time: 02:55:20

Health: -2/189     AC: 28    Str: 23    XL:     20   Next: 67%
Magic:  0/30       EV: 10    Int: 15    God:
Gold:   2996       SH: 18    Dex: 13    Spells: 26/34 levels left

rFire    + . .     SeeInvis .   l - +6 broad axe (chop)
rCold    . . .     Gourm    .   Z - +2 shield {rN+}
rNeg     + . .     Faith    .   g - +4 plate armour {rPois}
rPois    +         Spirit   +   U - +0 hat of Hide-and-Seek {Int+6}
rElec    .         Reflect  .   T - scarf {Spirit}
rCorr    .         Harm     .   H - +2 pair of gloves
MR       +....                  y - +1 pair of boots {Stlth+}
Stlth    ..........             (no amulet)
HPRegen  0.41/turn              b - ring of wizardry
MPRegen  0.22/turn              r - ring of protection from fire

@: very slightly contaminated
A: retaliatory headbutt, horns 2
}: 1/15 runes: barnacled
a: no special abilities


You were on level 3 of the Abyss.
You were very hungry.

You visited 7 branches of the dungeon, and saw 35 of its levels.
You visited the Abyss 2 times.
You also visited: Gauntlet and Ice Cave.

You collected 3633 gold pieces.
You spent 637 gold pieces at shops.

Inventory:

Hand Weapons
 l - a +6 broad axe of chopping (weapon)
 v - a +4 demon trident of electrocution
 A - a +1 broad axe of holy wrath
 V - a +2 antimagic broad axe
 X - a +3 broad axe
Armour
 g - a +4 plate armour of poison resistance (worn)
 n - a scarf of resistance
 y - a +1 pair of boots of stealth (worn)
 H - a +2 pair of gloves (worn)
 I - a +0 cloak of invisibility
 T - a scarf of spirit shield (worn)
 U - the +0 hat of Hide-and-Seek (worn) {Int+6}
   (You found it in a Gauntlet)

   It affects your intelligence (+6).
 Z - a +2 shield of positive energy (worn)
Jewellery
 a - an uncursed ring of positive energy
 b - a ring of wizardry (left hand)
 r - a ring of protection from fire (right hand)
 Q - an uncursed ring of magical power
Wands
 h - a wand of flame (41)
 j - a wand of disintegration (13)
 m - a wand of polymorph (12)
 p - a wand of random effects (47)
 s - a wand of digging (10)
 S - a wand of enslavement (17)
 Y - a wand of acid (3)
Scrolls
 c - a scroll of teleportation
 e - 8 scrolls of remove curse
 k - 8 scrolls of amnesia
 q - 8 scrolls of magic mapping
 u - 5 scrolls of enchant armour
 F - 4 scrolls of fog
 W - 7 scrolls of identify
Potions
 d - a potion of ambrosia
 i - 3 potions of brilliance
 o - a potion of berserk rage
 t - 3 potions of haste
 w - a potion of cancellation
 E - a potion of agility
 O - 2 potions of resistance
Miscellaneous
 z - a lightning rod (4/4)
 B - a phial of floods
Comestibles
 f - 8 rations


   Skills:
 + Level 18.5 Fighting
 + Level 20.7(20.8) Axes
 + Level 4.6(14.7) Polearms
 + Level 17.5 Armour
 + Level 4.9 Dodging
 + Level 3.0 Stealth
 + Level 19.5 Shields
 + Level 1.4 Unarmed Combat
 + Level 7.5 Spellcasting
 + Level 3.4 Charms
 + Level 3.4 Necromancy
 * Level 9.6 Translocations
 + Level 3.8 Evocations


You had 26 spell levels left.
You knew the following spells:

 Your Spells              Type           Power        Failure   Level  Hunger
a - Infusion              Chrm           ###.         9%          1    None
b - Shroud of Golubria    Chrm/Tloc      ####......   3%          2    None
c - Song of Slaying       Chrm           ###.....     13%         2    None
d - Regeneration          Chrm/Necr      ###.......   26%         3    ##.....

Your spell library contained the following spells:

 Spells                   Type           Power        Failure   Level  Hunger
 Gell's Gravitas          Tloc           ####......   1%          3    ##.....
 Portal Projectile        Hex/Tloc       ###...       16%         3    ##.....
 Recall                   Summ/Tloc      N/A          16%         3    ##.....
 Confusing Touch          Hex            #.....       32%         1    None
 Flame Tongue             Conj/Fire      #....        32%         1    None
 Sandblast                Erth           #.....       32%         1    None
 Force Lance              Conj/Tloc      ###.....     43%         4    ####...
 Passwall                 Tmut/Erth      #.......     45%         2    None
 Throw Flame              Conj/Fire      #.....       45%         2    None
 Spectral Weapon          Hex/Chrm       ##......     45%         3    ##.....
 Animate Dead             Necr           N/A          61%         4    ####...
 Dispersal                Tloc           ####......   67%         6    #######
 Confuse                  Hex            #.......     69%         3    ##.....
 Conjure Flame            Conj/Fire      #.......     69%         3    ##.....
 Inner Flame              Hex/Fire       #.......     69%         3    ##.....
 Stone Arrow              Conj/Erth      #.....       69%         3    ##.....
 Leda's Liquefaction      Hex/Erth       #.........   96%         4    ####...
 Olgreb's Toxic Radiance  Pois           #.......     96%         4    ####...
 Petrify                  Tmut/Erth      #.......     96%         4    ####...
 Sticky Flame             Conj/Fire      #.......     96%         4    ####...
 Borgnjor's Vile Clutch   Necr/Erth      ##........   99%         5    #####..
 Bolt of Magma            Conj/Fire/Erth #.........   100%        5    #####..
 Fireball                 Conj/Fire      #.........   100%        5    #####..
 Lee's Rapid Deconstruct  Erth           #.........   100%        5    #####..
 Metabolic Englaciation   Hex/Ice        #.........   100%        5    #####..
 Yara's Violent Unravell  Hex/Tmut       #.........   100%        5    #####..
 Death Channel            Necr           ###.......   100%        6    #######
 Iron Shot                Conj/Erth      #.........   100%        6    #######
 Simulacrum               Ice/Necr       ##........   100%        6    #######
 Statue Form              Tmut/Erth      #........    100%        6    #######
 Controlled Blink         Tloc           N/A          100%        8    #######
 Disjunction              Tloc           ####......   100%        8    #######
 Shatter                  Erth           #.........   100%        9    #######


Dungeon Overview and Level Annotations

Branches:
Dungeon (15/15)            Temple (0/1) D:4            Lair (6/6) D:9
 Shoals (4/4) Lair:2        Snake (2/4) Lair:2        Slime (0/5) Lair:5
    Orc (2/2) D:11            Elf (2/3) Orc:2        Vaults (4/5) D:14
  Crypt (0/3) Vaults:2
 Depths: D:15

Altars:
Dithmenos
Elyvilon
Gozag
Kikubaaqudgha
Okawaru
Wu Jian
Xom
Beogh

Shops:
D:11 (   Orc:2 ([%*   Shoals:4 ?*!

Annotations:
D:8 2 transporters, Doomer's ghost, novice DrFi
D:15 exclusion: ice statue, Louise
Shoals:2 Polyphemus
Snake:2 Vashnia
Vaults:4 Boris


Innate Abilities, Weirdness & Mutations

You reflexively headbutt those who attack you in melee.
You have a pair of horns on your head.


Message History

You block the spatial vortex's attack. The smoke demon gestures at you.
Something smites you!
* * * LOW HITPOINT WARNING * * *
You feel better.
A spatial vortex comes into view.
Unknown command.
The spatial maelstrom hits you but does no damage.
You block the spatial maelstrom's attack.
You block the spatial vortex's attack.
The spatial vortex moves out of view.
A spatial vortex comes into view. x2
The blink frog blinks!
The spatial maelstrom closely misses you.
The spatial maelstrom barely misses you.
You block the spatial maelstrom's attack. x2
The spatial maelstrom hits you but does no damage. x2
The spatial maelstrom hits you.
* * * LOW HITPOINT WARNING * * *
Space warps horribly around you!
You die...

###. ... #.... #.. ...
.. #.. #...#. ..# #..
.. ##... ##. ....#
....### ##.##..#
#.#..#####.#.v.#
#@v.#......#..# .
##...##.##..#.#
#......#....W......####
##.#...#...#....F.#...
#....###..##v...#.W##
...... ##......###..
#....#. ##3#.##...##
##..#.# #..v#.v.#####
#.# # #. .#v..####..


You could see a spatial maelstrom, a spatial vortex, a smoke demon and a wraith.

Vanquished Creatures
  Rupert (D:14)
  A lich (Vaults:3)
  Jorgrun (Shoals:3)
  An Ice Fiend (IceCv)
  A deep elf blademaster (Elf:2)
  A tentacled starspawn (Abyss:4)
  Agnes (D:15)
  Donald (Shoals:1)
  Kirke (D:15)
  A draconian monk (Abyss:4)
  6 vault wardens
  2 fire giants
  2 deep elf sorcerers (Elf:2)
  A curse skull (Vaults:2)
  Aizul (Snake:1)
  2 frost giants
  An orc warlord (Orc:1)
  8 ironheart preservers
  5 very ugly things (Vaults:4)
  8 stone giants
  A minotaur (Gauntlet)
  2 deep elf demonologists (Elf:1)
  2 deep elf annihilators
  4 merfolk javelineers
  A fire dragon (Vaults:2)
  Josephine (D:12)
  4 yaktaur captains
  6 merfolk impalers
  Erolcha (D:11)
  A rakshasa (Vaults:1)
  4 ice dragons
  2 vault guards (Vaults:3)
  9 hydras
  Harold (D:7)
  2 naga warriors (Snake:1)
  7 ogre magi
  2 catoblepae
  An alligator snapping turtle (Shoals:3)
  2 anacondas (Snake:1)
  13 centaur warriors
  2 merfolk avatars
  3 death knights
  8 death yaks
  28 two-headed ogres
  5 satyrs
  A deep troll shaman (Vaults:4)
  28 dancing weapons
  3 hell hogs (Abyss:4)
  2 merfolk aquamancers (Shoals:4)
  Urug (Lair:5)
  2 tengu warriors (D:13)
  A large abomination (Abyss:3)
  A naga sharpshooter (Snake:1)
  A shock serpent (Snake:2)
  2 orc high priests
  23 deep elf knights
  2 thrashing horrors (Abyss:4)
  13 slime creatures
  A soul eater (Gauntlet)
  Nergalle (Lair:3)
  A shadow wraith (Vaults:4)
  9 sea snakes
  4 skeletal warriors
  A naga ritualist (Snake:1)
  7 unseen horrors
  6 ironbrand convokers
  A glowing orange brain (Vaults:3)
  13 deep trolls
  A wizard (Vaults:2)
  11 deep elf archers
  Pikel (D:6)
  64 deep elf magi
  8 orc knights
  A wolf spider zombie (Abyss:4)
  21 harpies
  4 wolf spiders
  16 cyclopes
  36 ugly things
  15 fauns
  2 mana vipers
  10 manticores
  6 orc sorcerers
  A worldbinder (Abyss:3)
  6 elephants
  4 merfolk sirens
  A moth of wrath (Gauntlet)
  12 black mambas
  2 ice statues
  3 centaur zombies (D:12)
  7 vault sentinels
  2 naga magi
  26 spiny frogs
  6 water nymphs
  2 gargoyles
  4 smoke demons
  5 freezing wraiths
  2 kobold demonologists (D:12)
  39 yaktaurs
  A komodo dragon (shapeshifter) (Vaults:1)
  A rime drake (Lair:6)
  7 komodo dragons
  4 anaconda simulacra (IceCv)
  A tengu conjurer (D:13)
  2 efreet
  4 ice devils (IceCv)
  A golden dragon simulacrum (IceCv)
  A meliai (shapeshifter) (Vaults:2)
  7 trolls
  31 merfolk
  A wolf spider simulacrum (IceCv)
  4 tyrant leeches (Lair:6)
  2 ancient zymes (Abyss:3)
  2 hornets
  2 polar bears
  2 wind drakes (Shoals:4)
  13 hippogriffs
  11 dream sheep
  21 blink frogs
  A hippogriff (shapeshifter) (D:15)
  7 raiju
  2 air elementals
  8 snapping turtles
  A ynoxinul (Abyss:3)
  5 flying skulls (Gauntlet)
  2 redbacks (Gauntlet)
  A vampire (Abyss:4)
  6 wyverns
  Sigmund (D:3)
  2 dire elephant simulacra (IceCv)
  6 wraiths
  51 yaks
  3 shadows
  Eustachio (D:6)
  4 basilisks
  A hog (D:15)
  3 fire elementals
  16 humans (D:14)
  13 water elementals
  2 hungry ghosts
  12 vampire mosquitoes
  3 death yak simulacra (IceCv)
  Menkaure (D:6)
  3 spatial vortices
  A steam dragon (D:8)
  12 nagas
  A soldier ant (D:15)
  3 acid dragons
  4 harpy simulacra (IceCv)
  3 wargs
  2 iron troll simulacra (IceCv)
  Duvessa (D:7)
  13 water moccasins
  2 hydra simulacra (IceCv)
  7 porcupines
  34 orc warriors
  11 ice beasts
  2 eyes of draining
  A black bear (D:13)
  35 ogres
  7 sky beasts
  7 phantoms
  4 boggarts (Vaults:2)
  26 wolves
  15 centaurs
  12 crocodiles
  3 big kobolds
  24 bullfrogs
  3 gnoll sergeants (D:11)
  8 scorpions
  Dowan (D:7)
  A swamp dragon simulacrum (IceCv)
  An elephant simulacrum (IceCv)
  9 killer bees
  7 wights
  7 electric eels
  9 howler monkeys
  7 crimson imps
  7 starcursed masses (Abyss:3)
  A bullfrog zombie (D:13)
  24 orc wizards
  4 draconian simulacra (IceCv)
  11 hounds
  A jelly (D:13)
  23 orc priests
  3 centaur skeletons
  6 iguanas
  Natasha (D:2)
  4 troll simulacra (IceCv)
  9 worker ants
  2 wolf simulacra (IceCv)
  3 centaur simulacra (IceCv)
  3 hound zombies
  A hound skeleton (D:6)
  A worker ant zombie (D:6)
  16 gnolls
  An ogre simulacrum (IceCv)
  8 adders
  4 naga simulacra (IceCv)
  10 shadow imps
  12 white imps
  4 ufetubi (IceCv)
  3 oozes
  4 adder skeletons
  6 worms
  2 dart slugs
  9 leopard geckos
  106 orcs
  9 giant cockroaches
  4 hobgoblins
  11 jackals
  20 kobolds
  4 quokkas
  3 ball pythons
  5 bats
  7 frilled lizards
  7 goblins
  2 quokka skeletons
  A quokka zombie (D:9)
  9 rats
  A fungus (Lair:2)
  10 plants
  2 starspawn tentacles (Abyss:4)
1540 creatures vanquished.

Vanquished Creatures (others)
  A hell hog (Abyss:4)
  3 deep elf knights
  2 deep elf magi
  An ancient zyme (Abyss:3)
  4 slaves (D:7)
  2 small abominations (Abyss:4)
  A killer bee (D:7)
  An ufetubus (IceCv)
  An orc (Orc:2)
  8 bushes
  13 fungi
  A lurking horror (Abyss:4)
  122 plants
  2 starspawn tentacles (Abyss:4)
162 creatures vanquished.

Grand Total: 1702 creatures vanquished

Notes
Turn   | Place    | Note
-------+----------+-------------------------------------------
     0 | D:1      | dhn the Minotaur Fighter began the quest for the Orb.
     0 | D:1      | Reached XP level 1. HP: 19/19 MP: 0/0
   110 | D:1      | Reached XP level 2. HP: 25/27 MP: 1/1
   351 | D:1      | Reached XP level 3. HP: 33/33 MP: 2/2
   520 | D:2      | Noticed Natasha
   527 | D:2      | Killed Natasha
   527 | D:2      | Reached skill level 3 in Axes
   727 | D:2      | Reached XP level 4. HP: 35/41 MP: 3/3
   929 | D:2      | Found a faded altar of an unknown god.
  1248 | D:3      | Reached skill level 1 in Dodging
  1378 | D:3      | Noticed Sigmund
  1481 | D:4      | Reached skill level 4 in Axes
  1481 | D:4      | Reached XP level 5. HP: 35/47 MP: 4/4
  1661 | D:4      | Found a staircase to the Ecumenical Temple.
  1662 | D:4      | Noticed an ogre
  1667 | D:4      | Reached skill level 5 in Axes
  1667 | D:4      | Reached XP level 6. HP: 43/55 MP: 5/5
  1671 | D:4      | Reached skill level 5 in Fighting
  1671 | D:4      | Reached skill level 5 in Shields
  1968 | D:4      | Reached skill level 6 in Axes
  1968 | D:4      | Reached skill level 5 in Armour
  1968 | D:4      | Reached XP level 7. HP: 42/61 MP: 6/6
  2063 | D:4      | You fall through a shaft for 2 floors!
  2064 | D:6      | Noticed Menkaure
  2064 | D:6      | Noticed a komodo dragon
  2069 | D:6      | Killed Menkaure
  2114 | D:5      | Entered Level 5 of the Dungeon
  2372 | D:4      | You fall through a shaft!
  2457 | D:6      | Noticed Eustachio
  2543 | D:6      | Killed Eustachio
  2543 | D:6      | Reached skill level 7 in Axes
  2543 | D:6      | Reached XP level 8. HP: 5/70 MP: 7/7
  2989 | D:6      | Reached skill level 8 in Axes
  3578 | D:6      | Reached skill level 9 in Axes
  3768 | D:6      | You fall through a shaft for 2 floors!
  3783 | D:8      | Found a white marble altar of Elyvilon.
  3783 | D:8      | Found an ancient bone altar of Kikubaaqudgha.
  3960 | D:7      | Reached XP level 9. HP: 66/78 MP: 8/8
  4305 | D:7      | Noticed Pikel
  4353 | D:7      | Noticed Dowan
  4353 | D:7      | Noticed Duvessa
  4626 | D:8      | Found an opulent altar of Gozag.
  4787 | D:8      | Reached skill level 10 in Axes
  4806 | D:8      | Noticed Doomer's ghost (novice DrFi)
  4823 | D:8      | Found a transporter.
  4828 | D:8      | Found a transporter.
  4836 | D:8      | Identified the +6 ring mail "Woufin" {-Cast rC- Regen+
                  | SInv}
  4836 | D:8      | Identified the +1 shield of the Beekeeper {+Fly rC++}
  4898 | D:8      | Found an iron altar of Okawaru.
  4913 | D:8      | Found a shimmering altar of Xom.
  4931 | D:8      | Found an ornate altar of the Wu Jian Council.
  4945 | D:8      | Found a shadowy altar of Dithmenos.
  5075 | D:8      | Identified the ring "Amat" {Str+2 Dex+3 Stlth+}
  5972 | D:5      | Noticed a troll
  5984 | D:5      | Killed a troll
  6103 | D:5      | Reached skill level 10 in Shields
  6557 | D:3      | Killed Sigmund
  6557 | D:3      | Reached skill level 1 in Unarmed Combat
  7024 | D:7      | Noticed Harold
  7443 | D:6      | Killed Pikel
  7443 | D:6      | Reached XP level 10. HP: 55/88 MP: 9/9
  7911 | D:7      | Killed Harold
  7911 | D:7      | Reached skill level 11 in Axes
  7957 | D:7      | Killed Dowan
  7970 | D:7      | Killed Duvessa
  9131 | D:9      | Noticed a two-headed ogre
  9164 | D:9      | Killed a two-headed ogre
  9843 | D:9      | Reached skill level 12 in Axes
 10100 | D:9      | Found a staircase to the Lair.
 10200 | D:9      | Reached XP level 11. HP: 85/95 MP: 10/10
 10516 | Lair:1   | Entered Level 1 of the Lair of Beasts
 11081 | Lair:1   | Reached skill level 10 in Armour
 11227 | Lair:1   | Reached skill level 13 in Axes
 11356 | Lair:1   | Noticed a six-headed hydra
 13307 | Lair:2   | Reached XP level 12. HP: 92/106 MP: 11/11
 13484 | Lair:2   | Noticed a four-headed hydra
 13505 | Lair:2   | Killed a four-headed hydra
 13505 | Lair:2   | Reached skill level 10 in Fighting
 13777 | Lair:2   | Reached skill level 1 in Polearms
 13884 | Lair:2   | Reached skill level 14 in Axes
 14085 | Lair:2   | Found an opulent altar of Gozag.
 14251 | Lair:2   | Found a staircase to the Shoals.
 14792 | Lair:2   | Found a staircase to the Snake Pit.
 14800 | Lair:2   | Noticed a catoblepas
 14836 | Lair:2   | Killed a catoblepas
 15379 | Lair:3   | Noticed Nergalle
 15386 | Lair:3   | Killed Nergalle
 15386 | Lair:3   | Reached skill level 1 in Stealth
 15539 | Lair:3   | Reached skill level 1 in Evocations
 15575 | Lair:3   | Reached skill level 1 in Spellcasting
 15637 | Lair:3   | Noticed a six-headed hydra
 15667 | Lair:3   | Killed a seven-headed hydra
 16772 | Lair:3   | Noticed a seven-headed hydra
 16782 | Lair:3   | Killed a seven-headed hydra
 17666 | Lair:4   | Noticed a seven-headed hydra
 17682 | Lair:4   | Killed a seven-headed hydra
 17990 | Lair:4   | You fall through a shaft for 2 floors!
 17990 | Lair:6   | Entered Level 6 of the Lair of Beasts
 18016 | Lair:6   | Noticed a five-headed hydra
 18021 | Lair:6   | Noticed a death yak
 18542 | Lair:5   | Noticed a seven-headed hydra
 18557 | Lair:5   | Killed a seven-headed hydra
 18557 | Lair:5   | Reached XP level 13. HP: 52/116 MP: 16/16
 18832 | Lair:5   | Found a staircase to the Slime Pits.
 18995 | Lair:5   | Noticed Urug
 19022 | Lair:5   | Killed Urug
 20276 | Lair:6   | Reached skill level 15 in Axes
 23013 | Lair:6   | Reached XP level 14. HP: 115/126 MP: 19/19
 24492 | D:10     | Entered Level 10 of the Dungeon
 24963 | D:10     | Reached skill level 16 in Axes
 25925 | D:11     | Found Aperhiem's Antique Weapon Emporium.
 26641 | D:11     | Noticed Erolcha
 26657 | D:11     | Killed Erolcha
 26896 | D:11     | Found a staircase to the Orcish Mines.
 26922 | D:11     | Reached skill level 5 in Spellcasting
 27307 | Orc:1    | Entered Level 1 of the Orcish Mines
 27623 | Orc:1    | You fall through a shaft!
 27623 | Orc:2    | Entered Level 2 of the Orcish Mines
 27700 | Orc:2    | Found a staircase to the Elven Halls.
 27982 | Orc:2    | Learned a level 1 spell: Infusion
 27985 | Orc:2    | Learned a level 2 spell: Shroud of Golubria
 27988 | Orc:2    | Learned a level 2 spell: Song of Slaying
 28068 | Orc:2    | Found a roughly hewn altar of Beogh.
 28120 | Orc:2    | Found a roughly hewn altar of Beogh.
 28181 | Orc:2    | Found a roughly hewn altar of Beogh.
 28194 | Orc:2    | Found Hoycoc's Food Shop.
 28250 | Orc:2    | Found a roughly hewn altar of Beogh.
 28576 | Orc:2    | Noticed an orc warlord
 28654 | Orc:1    | Killed an orc warlord
 28971 | Orc:2    | Paralysed by an orc sorcerer for 4 turns
 28985 | Orc:1    | Paralysed by an orc sorcerer for 6 turns
 29429 | Orc:2    | Found a roughly hewn altar of Beogh.
 29430 | Orc:2    | Found Menwi's Assorted Antiques.
 29561 | Orc:2    | Bought a scroll labeled RYDDES BISCH for 29 gold pieces
 29570 | Orc:2    | Paralysed by an orc sorcerer for 7 turns
 29700 | Orc:2    | Found a roughly hewn altar of Beogh.
 29951 | Orc:2    | Found Hekareza's Antique Weapon Emporium.
 29953 | Orc:2    | Found a roughly hewn altar of Beogh.
 29971 | Orc:2    | Found Janwups's Antique Armour Shoppe.
 29984 | Orc:2    | Bought a pair of runed gloves for 225 gold pieces
 30000 | Orc:2    | Bought a runed hand crossbow for 175 gold pieces
 30268 | D:11     | Reached skill level 1 in Charms
 30268 | D:11     | Reached skill level 1 in Translocations
 30654 | D:12     | You fall through a shaft!
 31266 | D:13     | Reached skill level 17 in Axes
 31266 | D:13     | Reached XP level 15. HP: 104/135 MP: 21/21
 32230 | D:12     | Noticed Josephine
 32250 | D:12     | Killed Josephine
 33138 | D:14     | Found a gate leading to a gauntlet.
 33146 | Gauntlet | Entered a Gauntlet
 33146 | Gauntlet | Found a transporter.
 33146 | Gauntlet | Found a transporter.
 33156 | Gauntlet | Found a transporter.
 33160 | Gauntlet | Found a transporter.
 33169 | Gauntlet | Found a transporter.
 33172 | Gauntlet | Found a transporter.
 33180 | Gauntlet | Found a transporter.
 33195 | Gauntlet | Found a runed translucent gate.
 33196 | Gauntlet | Found a transporter.
 33196 | Gauntlet | Found a runed translucent gate.
 33197 | Gauntlet | Found a runed translucent gate.
 33212 | Gauntlet | Found a transporter.
 33216 | Gauntlet | Found a transporter.
 33225 | Gauntlet | Found a transporter.
 33228 | Gauntlet | Found a transporter.
 33548 | Gauntlet | Got a wavering bronze ring
 33552 | Gauntlet | Identified the ring "Otooth" {*Tele rC+ Slay+2 Stlth+} (You
                  | found it in a Gauntlet)
 33765 | Gauntlet | Got an ichor-stained hat
 33769 | Gauntlet | Identified the +0 hat of Hide-and-Seek {Int+6} (You found
                  | it in a Gauntlet)
 33841 | Gauntlet | Identified the +4 scale mail "Heteuf" {rF+}
 33874 | Gauntlet | Identified the Handbook of the Nine Ghosts
 34389 | D:14     | Found a gate to the Vaults.
 34389 | D:14     | Noticed Rupert
 34422 | D:14     | Killed Rupert
 34490 | D:14     | Reached skill level 15 in Shields
 35867 | D:15     | Entered Level 15 of the Dungeon
 35872 | D:15     | Reached skill level 18 in Axes
 35964 | D:15     | Noticed Kirke
 36546 | D:15     | Noticed Agnes
 37162 | Lair:3   | Got a warped arbalest
 37248 | Lair:4   | Identified the +8 arbalest "Qucruedi" {velocity, rElec
                  | rPois Dex+4 SInv} (You found it on level 3 of the Lair of
                  | Beasts)
 37408 | Lair:1   | Identified 2 scrolls of acquirement
 37666 | Snake:1  | Entered Level 1 of the Snake Pit
 38075 | Snake:1  | Noticed Aizul
 38099 | Snake:1  | Killed Aizul
 38099 | Snake:1  | Reached XP level 16. HP: 29/145 MP: 7/22
 39425 | Snake:2  | Noticed Vashnia
 39998 | Shoals:1 | Entered Level 1 of the Shoals
 40381 | Shoals:1 | Noticed Donald
 40751 | Shoals:1 | Killed Donald
 41633 | Shoals:2 | Reached skill level 15 in Armour
 41633 | Shoals:2 | Reached skill level 5 in Translocations
 43847 | Shoals:2 | Learned a level 3 spell: Regeneration
 44199 | Shoals:3 | Found a frozen archway.
 44209 | IceCv    | Entered an ice cave
 45919 | IceCv    | Noticed an Ice Fiend
 45960 | IceCv    | Killed an Ice Fiend
 46776 | IceCv    | Got a shimmering quarterstaff
 46803 | Shoals:3 | Noticed Jorgrun
 47075 | Shoals:3 | Noticed Polyphemus
 49397 | Shoals:3 | Reached XP level 17. HP: 77/154 MP: 7/23
 49937 | Shoals:3 | Killed Jorgrun
 50325 | Shoals:4 | Entered Level 4 of the Shoals
 50336 | Shoals:4 | Reached skill level 15 in Fighting
 50360 | Shoals:4 | Found Norghed's Distillery.
 54378 | Shoals:4 | Found Dimed's Magic Scroll Shop.
 54442 | Shoals:4 | Got a barnacled rune of Zot
 54470 | Shoals:4 | Bought a scroll of teleportation for 39 gold pieces
 54470 | Shoals:4 | Bought a scroll of teleportation for 39 gold pieces
 54470 | Shoals:4 | Bought a scroll of identify for 26 gold pieces
 54470 | Shoals:4 | Bought a scroll of identify for 26 gold pieces
 54470 | Shoals:4 | Bought a scroll of identify for 26 gold pieces
 54470 | Shoals:4 | Bought a scroll of identify for 26 gold pieces
 54470 | Shoals:4 | Bought a scroll of identify for 26 gold pieces
 55203 | Shoals:4 | Found Defalyke's Assorted Antiques.
 55983 | Vaults:1 | Entered Level 1 of the Vaults
 56429 | Vaults:1 | Reached skill level 19 in Axes
 57442 | Vaults:1 | Reached XP level 18. HP: 136/166 MP: 5/26
 62059 | Elf:1    | Entered Level 1 of the Elven Halls
 62388 | Elf:1    | Reached skill level 1 in Necromancy
 62517 | Elf:1    | Noticed a Brimstone Fiend
 62523 | Elf:1    | Noticed a Brimstone Fiend
 65522 | Elf:2    | Reached XP level 19. HP: 173/174 MP: 9/28
 67262 | Elf:2    | Found a runed translucent gate.
 67262 | Elf:2    | Found a runed translucent gate.
 67262 | Elf:2    | Found a runed translucent gate.
 69274 | Vaults:2 | Found a staircase to the Crypt.
 69479 | Vaults:2 | Reached skill level 20 in Axes
 71354 | Vaults:3 | Reached XP level 20. HP: 186/187 MP: 30/30
 72015 | Vaults:3 | Cast into level 4 of the Abyss (a lich)
 72353 | Vaults:3 | Escaped the Abyss
 73912 | Vaults:4 | Noticed Boris
 75646 | D:15     | Killed Kirke
 75687 | D:15     | Killed Agnes
 75692 | D:15     | Noticed Louise
 75694 | D:15     | Cast into level 3 of the Abyss (Louise)
 75701 | Abyss:3  | Found a corrupted altar of Lugonu.
 75716 | Abyss:3  | Found a corrupted altar of Lugonu.
 75800 | Abyss:3  | Found a corrupted altar of Lugonu.
 75914 | Abyss:3  | HP: 1/189 [smoke demon/divine providence (14)]
 75922 | Abyss:3  | Slain by a spatial maelstrom

Skill      XL: |  1  2  3  4  5  6  7  8  9 10 11 12 13 14 15 16 17 18 19 20 |
---------------+-------------------------------------------------------------+-----
Fighting       | 4 5 6 7 8 9 11 12 13 14 15 16 17 18 | 18.5
Armour         | 4 5 6 7 9 11 12 13 14 15 16 17 | 17.5
Axes           | 3 4 5 6 7 9 10 12 13 14 15 17 18 19 20 | 20.7
Shields        | 4 5 6 8 10 11 12 13 14 15 16 17 18 19 | 19.5
Dodging        | 1 2 3 4 |  4.9
Unarmed Combat | 1 |  1.4
Polearms       | 3 4 |  4.6
Stealth        | 1 2 3 |  3.0
Evocations     | 1 2 3 |  3.8
Spellcasting   | 2 4 5 6 7 |  7.5
Charms         | 1 3 |  3.4
Translocations | 2 4 6 7 8 9 |  9.6
Necromancy     | 2 3 |  3.4

Action                   |  1- 3 |  4- 6 |  7- 9 | 10-12 | 13-15 | 16-18 | 19-21 || total
-------------------------+-------+-------+-------+-------+-------+-------+-------++-------
Melee: War axe           |    66 |   120 |   513 |   810 |   600 |       |       ||  2109
       Headbutt          |     7 |    25 |    85 |   206 |   456 |   489 |   268 ||  1536
       Unarmed           |       |       |     1 |       |       |       |       ||     1
       Spear             |       |       |       |    64 |       |       |       ||    64
       Demon trident     |       |       |       |       |    28 |     6 |       ||    34
       Broad axe         |       |       |       |       |  1424 |  2186 |  1110 ||  4720
 Cast: Shroud of Golubri |       |       |       |       |     1 |     2 |       ||     3
       Infusion          |       |       |       |       |     1 |       |       ||     1
       Regeneration      |       |       |       |       |       |     9 |    18 ||    27
Evoke: Wand              |       |       |       |    19 |    47 |    24 |     5 ||    95
       Lightning rod     |       |       |       |       |     8 |    12 |     9 ||    29
       Phial of floods   |       |       |       |       |       |     3 |     1 ||     4
  Use: Scroll            |       |       |     5 |    10 |    23 |    23 |    11 ||    72
       Potion            |       |       |     3 |     5 |     5 |    11 |     5 ||    29
 Stab: Paralysed         |       |       |       |       |     4 |       |       ||     4
       Petrified         |       |       |       |       |       |     8 |       ||     8
       Petrifying        |       |       |       |       |       |     1 |       ||     1
  Eat: Chunk             |       |     3 |    10 |    20 |    34 |    26 |    15 ||   108
       Ration            |       |       |     3 |     5 |     9 |    19 |     6 ||    42
Armor: Scale mail        |    28 |     1 |       |       |       |       |       ||    29
       Plate armour      |       |    58 |   338 |   438 |   872 |  1004 |   435 ||  3145
       Ring mail         |       |       |       |       |     3 |       |       ||     3
Dodge: Dodged            |    23 |    16 |   151 |   205 |   366 |   505 |   225 ||  1491
Block: Shield            |    44 |    61 |   362 |   519 |  1156 |  1580 |   738 ||  4460
